[Event "Titled Tuesday Blitz April 12 Early 2022"]
[White "Kamsky, Gata"]
[Black "Derjabin, Ilja"]
[WhiteFideId "2000024"]
[BlackFideId "14104768"]
[WhiteElo "2645"]
[BlackElo "2341"]
[Result "0-1"]
[Round "06"]
[TimeControl "180+1"]
[Date "2022.04.13"]
[WhiteClock "0:00:14"]
[BlackClock "0:00:57"]

1. e4 e6 2. d4 d5 3. exd5 exd5 4. Nf3 c5 5. Bb5+ Nc6 6. O-O Bd6 7. dxc5 Bxc5 8. Nbd2 Ne7 9. Nb3 Bb6 10. c3 Bg4 11. h3 Bh5 12. Be2 O-O 13. Re1 Re8 14. Bf4 h6 15. Nfd4 Bxe2 16. Rxe2 Nxd4 17. Nxd4 Ng6 18. Rxe8+ Qxe8 19. Be3 Qe4 20. Qb1 Re8 21. Qxe4 dxe4 22. Nf5 Bxe3 23. Nxe3 Ne5 24. Rd1 Nd3 25. b3 g6 26. f3 f5 27. fxe4 fxe4 28. Ng4 Kg7 29. Nf2 Nf4 30. Rd7+ Kf8 31. Ng4 e3 32. Nf6 Re6 0-1


[Site "https://www.chess.com"]

[Event "Titled Tuesday Blitz April 12 Early 2022"]
[White "Kavyev, Ruslan"]
[Black "Iljin, Timofey"]
[WhiteFideId "34110981"]
[BlackFideId "14110180"]
[WhiteElo "2182"]
[BlackElo "2396"]
[Result "1-0"]
[Round "06"]
[TimeControl "180+1"]
[Date "2022.04.13"]
[WhiteClock "0:01:33"]
[BlackClock "0:00:01"]

1. e4 d5 2. exd5 Nf6 3. Nf3 Bg4 4. Be2 Qxd5 5. h3 Bxf3 6. Bxf3 Qe5+ 7. Qe2 Qxe2+ 8. Kxe2 e5 9. Bxb7 Bc5 10. Bxa8 Ke7 11. Nc3 Nbd7 12. Bd5 Rd8 13. d3 Nb6 14. Bb3 a5 15. Bg5 h6 16. Bxf6+ gxf6 17. a4 f5 18. Rad1 Rg8 19. Kf3 c6 20. Rhe1 Nd7 21. d4 e4+ 22. Ke2 Bb4 23. Kf1 Kd6 24. d5 Bxc3 25. dxc6+ Kxc6 26. bxc3 Ne5 27. Rd5 Re8 28. Red1 f4 29. Rxa5 f3 30. Bd5+ Kc7 31. Bxe4 fxg2+ 32. Bxg2 f6 33. c4 h5 34. c5 Nc6 35. Ra6 Re6 36. Rd6 Rxd6 37. cxd6+ Kxd6 38. Rxc6+ Ke5 39. a5 Kd4 40. a6 Ke5 41. a7 f5 42. a8=Q Kf4 43. Qg8 h4 44. Rc4+ Ke5 45. Qd5+ Kf6 46. Rc6+ Kg5 47. Be4 Kf4 48. Qxf5# 1-0


[Site "https://www.chess.com"]

[Event "Titled Tuesday Blitz April 12 Early 2022"]
[White "Kejzar, Petra"]
[Black "Belenkaya, Dina"]
[WhiteFideId "14610213"]
[BlackFideId "24142654"]
[WhiteElo "2003"]
[BlackElo "2196"]
[Result "0-1"]
[Round "06"]
[TimeControl "180+1"]
[Date "2022.04.13"]
[WhiteClock "0:00:01"]
[BlackClock "0:00:07"]

1. c4 e5 2. Nc3 Nc6 3. g3 Nf6 4. Bg2 Bc5 5. e3 O-O 6. Nge2 a6 7. O-O d6 8. d4 exd4 9. exd4 Ba7 10. Bg5 h6 11. Bxf6 Qxf6 12. Nd5 Qd8 13. b4 Bg4 14. c5 Bxe2 15. Qxe2 Nxd4 16. Qc4 dxc5 17. bxc5 Ne6 18. Rfd1 c6 19. Nb6 Qg5 20. Nxa8 Rxa8 21. Rab1 Nxc5 22. Re1 Qf6 23. Rbd1 Ne6 24. Re2 Nd4 25. Re4 Rd8 26. Rde1 Ne6 27. R4e2 Bd4 28. Bh3 Ng5 29. Bg2 Kh7 30. Qc2+ g6 31. h4 Ne6 32. Bh3 Rd6 33. h5 Ng5 34. hxg6+ Kg7 35. Bg2 fxg6 36. Re7+ Nf7 37. Rxb7 c5 38. Be4 Qg5 39. Kg2 Rf6 40. f3 Be5 41. Qf2 h5 42. Rh1 Kh6 43. Bd5 Nd6 44. Bg8 Nxb7 45. Bd5 Nd6 46. Qc2 Qxg3+ 47. Kf1 Rxf3+ 48. Bxf3 Qxf3+ 49. Kg1 Bd4+ 50. Kh2 Be5+ 51. Kg1 Qg3+ 52. Kf1 Qf4+ 53. Kg2 Ne4 54. Rf1 Qg3+ 55. Kh1 Qh3+ 56. Kg1 Qg4+ 57. Qg2 Bd4+ 58. Kh1 Qh4+ 59. Qh2 Ng3+ 60. Kg2 Qxh2+ 61. Kxh2 Nxf1+ 0-1


[Site "https://www.chess.com"]

[Event "Titled Tuesday Blitz April 12 Early 2022"]
[White "Khripachenko, Alexander"]
[Black "Korchmar, Vasiliy"]
[WhiteFideId "54184975"]
[BlackFideId "24131750"]
[WhiteElo "2193"]
[BlackElo "2370"]
[Result "1/2-1/2"]
[Round "06"]
[TimeControl "180+1"]
[Date "2022.04.12"]
[WhiteClock "0:01:55"]
[BlackClock "0:00:53"]

1. e4 c5 2. Nf3 d6 3. d4 cxd4 4. Qxd4 Nc6 5. Qe3 g6 6. Be2 Bh6 7. Qc3 Qa5 8. O-O Qxc3 9. Nxc3 Bg7 10. Nd5 Rb8 11. c3 Nf6 12. Nxf6+ Bxf6 13. Be3 O-O 14. Rfd1 Be6 15. Ng5 Bd7 16. Rd2 b5 17. Rad1 b4 18. c4 b3 19. axb3 Rxb3 20. c5 Rxe3 21. fxe3 Bxg5 22. Kf2 f5 23. exf5 Bxf5 24. Bf3 dxc5 25. Rd5 Nb4 26. Rxc5 Nd3+ 27. Rxd3 Bxd3 28. Rxg5 Rb8 29. b3 Bc2 30. Ra5 Bxb3 31. Rxa7 Kf7 32. Rb7 1/2-1/2


[Site "https://www.chess.com"]

[Event "Titled Tuesday Blitz April 12 Early 2022"]
[White "Kobalia, Mikhail"]
[Black "Xiong, Jeffery"]
[WhiteFideId "4119150"]
[BlackFideId "2047640"]
[WhiteElo "2667"]
[BlackElo "2727"]
[Result "0-1"]
[Round "06"]
[TimeControl "180+1"]
[Date "2022.04.12"]
[WhiteClock "0:00:05"]
[BlackClock "0:00:07"]

1. e4 c5 2. Nf3 d6 3. d4 cxd4 4. Nxd4 Nf6 5. Nc3 a6 6. Be3 e5 7. Nb3 Be6 8. Qd2 Nbd7 9. O-O-O b5 10. f4 Rc8 11. Kb1 Be7 12. f5 Bc4 13. g4 b4 14. Nd5 Bxd5 15. exd5 Nxg4 16. Bxa6 Rb8 17. Rhg1 Nxe3 18. Qxe3 O-O 19. Nd2 Nc5 20. Ne4 Nxe4 21. Qxe4 Bg5 22. Rd3 Bf4 23. Bc4 Qf6 24. Rb3 Bxh2 25. Rh1 Bf4 26. Bd3 Rfe8 27. Rxb4 Rxb4 28. Qxb4 e4 29. Bxe4 Qe5 30. Bd3 Qxd5 31. Rf1 Be5 32. a4 h5 33. a5 Qa8 34. a6 Rb8 35. Qe4 Rxb2+ 36. Kc1 Qb8 37. f6 g6 38. Bc4 Kf8 39. Qd5 Qa7 40. Re1 Rb8 41. Rxe5 dxe5 42. Qxe5 Qg1+ 43. Kd2 Rd8+ 44. Bd3 Qf2+ 45. Kc1 Qg1+ 46. Kd2 Re8 47. Qd6+ Kg8 48. Qd7 Qe1# 0-1


[Site "https://www.chess.com"]

[Event "Titled Tuesday Blitz April 12 Early 2022"]
[White "Kostina, Nadezhda"]
[Black "Avramidou, Anastasia"]
[WhiteFideId "4195876"]
[BlackFideId "4239873"]
[WhiteElo "1982"]
[BlackElo "2183"]
[Result "0-1"]
[Round "06"]
[TimeControl "180+1"]
[Date "2022.04.13"]
[WhiteClock "0:00:01"]
[BlackClock "0:00:04"]

1. e4 c6 2. d4 d5 3. e5 c5 4. dxc5 Nc6 5. f4 Nh6 6. Nf3 Bg4 7. h3 Bxf3 8. Qxf3 e6 9. Be3 Nf5 10. Bf2 Qa5+ 11. c3 Bxc5 12. b4 Bxf2+ 13. Qxf2 Qb6 14. Bd3 Qxf2+ 15. Kxf2 Nfe7 16. Nd2 O-O 17. Nb3 Rac8 18. Rhc1 b6 19. a4 f6 20. exf6 Rxf6 21. Ke3 Rcf8 22. b5 Na5 23. Nd4 Nc8 24. g4 Nd6 25. Rf1 Ndc4+ 26. Ke2 Nd6 27. g5 R6f7 28. Rae1 Rxf4 29. Rxf4 Rxf4 30. Nxe6 Rxa4 31. Rf1 Ra2+ 32. Ke3 Nf7 33. g6 hxg6 34. Bxg6 Nc4+ 35. Kf4 Ncd6 36. Kg4 Ra4+ 37. Kh5 Rc4 38. Ng5 Nxg5 39. Kxg5 Rxc3 40. h4 Rc5 41. h5 d4+ 42. Kg4 Rxb5 43. Re1 Kf8 44. Re6 Rd5 45. Bd3 Nf7 46. Rc6 Rd7 47. Rc8+ Ke7 48. Kf4 Nd6 0-1


[Site "https://www.chess.com"]

[Event "Titled Tuesday Blitz April 12 Early 2022"]
[White "Kozak, Adam"]
[Black "Yurovskykh, Oleksandr"]
[WhiteFideId "753246"]
[BlackFideId "14134020"]
[WhiteElo "2459"]
[BlackElo "2292"]
[Result "1-0"]
[Round "06"]
[TimeControl "180+1"]
[Date "2022.04.12"]
[WhiteClock "0:01:02"]
[BlackClock "0:00:02"]

1. Nf3 d5 2. c4 dxc4 3. e3 Nf6 4. Bxc4 e6 5. d4 c5 6. Nc3 Nc6 7. O-O cxd4 8. exd4 Be7 9. Re1 Kf8 10. d5 exd5 11. Nxd5 Nxd5 12. Bxd5 Nb4 13. Bb3 Qxd1 14. Rxd1 Bg4 15. Bf4 Bxf3 16. gxf3 g5 17. Be5 f6 18. Bc3 Na6 19. Bd5 Rb8 20. Re1 Nc7 21. Bc4 b5 22. Bb3 b4 23. Rxe7 Kxe7 24. Re1+ Kd6 25. Bxf6 Rhe8 26. Rd1+ Kc5 27. Rc1+ Kb6 28. Bxg5 Rg8 29. Bxg8 Rxg8 30. h4 h6 31. f4 hxg5 32. fxg5 Ne6 33. Rc4 a5 34. Re4 Nc5 35. Re3 Na4 36. Re2 Kc6 37. Kg2 Nc5 38. f4 Kd5 39. Kg3 Ne4+ 40. Kg4 Nf6+ 41. Kf5 Nh5 42. Rd2+ Kc4 43. Kg4 Nf6+ 44. Kf3 Nd5 45. f5 Rf8 46. f6 a4 47. Ke4 Nxf6+ 48. gxf6 Rxf6 49. Rc2+ Kb5 50. Rh2 Kc4 51. h5 Rh6 52. Kf5 b3 53. axb3+ Kxb3 54. Kg5 Rh8 55. h6 Rg8+ 56. Kf6 Rf8+ 57. Kg7 Ra8 58. h7 Ra7+ 59. Kg6 Ra6+ 60. Kg5 Ra8 61. Rh4 Rh8 62. Kg6 Ra8 63. Kf6 Rh8 64. Kg7 Ra8 65. h8=Q Rxh8 66. Kxh8 Kxb2 67. Rxa4 1-0


[Site "https://www.chess.com"]

[Event "Titled Tuesday Blitz April 12 Early 2022"]
[White "Lach, Aleksandra"]
[Black "Subelj, Jan"]
[WhiteFideId "1134299"]
[BlackFideId "14618583"]
[WhiteElo "2172"]
[BlackElo "2306"]
[Result "1-0"]
[Round "06"]
[TimeControl "180+1"]
[Date "2022.04.13"]
[WhiteClock "0:00:59"]
[BlackClock "0:00:04"]

1. e4 d5 2. exd5 Qxd5 3. Nf3 Nf6 4. d4 Bg4 5. Be2 Nc6 6. O-O O-O-O 7. Be3 Qd6 8. Nbd2 Bxf3 9. Nxf3 Ng4 10. h3 Nxe3 11. fxe3 Qh6 12. Qc1 e5 13. Nxe5 Nxe5 14. dxe5 Bc5 15. Rf3 Rhe8 16. b4 Bxb4 17. Rb1 Bd2 18. Qb2 Bxe3+ 19. Kh1 Bb6 20. Rxf7 Rd2 21. Bg4+ Kb8 22. e6 Qe3 23. Qb5 c6 24. Qf1 a5 25. Rxb7+ Kxb7 26. Qf7+ Ka6 27. Qxe8 Rd8 28. Qxc6 Ka7 29. Bf3 Rb8 30. Qd7+ Ka6 31. Qb5+ Ka7 32. Be2 Rb7 33. Qa6+ Kb8 34. Bf3 1-0


[Site "https://www.chess.com"]

[Event "Titled Tuesday Blitz April 12 Early 2022"]
[White "Lauridsen, Jesper Morch"]
[Black "Bongo Akanga Ndjila, Barthelemy"]
[WhiteFideId "1401890"]
[BlackFideId "10609431"]
[WhiteElo "2315"]
[BlackElo "1768"]
[Result "1-0"]
[Round "06"]
[TimeControl "180+1"]
[Date "2022.04.13"]
[WhiteClock "0:01:29"]
[BlackClock "0:01:41"]

1. e4 c6 2. d4 d5 3. Nc3 dxe4 4. Nxe4 Nf6 5. Nxf6+ gxf6 6. Bc4 Bf5 7. Ne2 e6 8. Ng3 Bg6 9. h4 h5 10. c3 f5 11. Qe2 Bd6 12. Bg5 Qd7 13. O-O O-O 14. Rae1 Re8 15. Bf6 Bxg3 16. fxg3 Qc7 17. Qd2 Nd7 18. Qg5 Nxf6 19. Qxf6 Qe7 20. Rxe6 fxe6 21. Qxg6+ Kf8 22. Rxf5+ exf5 23. Qg8# 1-0


[Site "https://www.chess.com"]

[Event "Titled Tuesday Blitz April 12 Early 2022"]
[White "Lazavik, Denis"]
[Black "Grischuk, Alexander"]
[WhiteFideId "13515110"]
[BlackFideId "4126025"]
[WhiteElo "2437"]
[BlackElo "2762"]
[Result "0-1"]
[Round "06"]
[TimeControl "180+1"]
[Date "2022.04.12"]
[WhiteClock "0:00:09"]
[BlackClock "0:00:07"]

1. d4 e6 2. c4 b6 3. Nf3 Bb7 4. g3 Bb4+ 5. Bd2 Bxf3 6. exf3 Bxd2+ 7. Qxd2 Ne7 8. Nc3 d5 9. O-O-O c6 10. Kb1 Nd7 11. cxd5 cxd5 12. h4 a6 13. h5 h6 14. Bd3 b5 15. Ne2 Nb6 16. b3 Qd6 17. Rc1 Nd7 18. g4 Rc8 19. f4 Rxc1+ 20. Rxc1 Nb8 21. f5 exf5 22. Bxf5 Nbc6 23. Bd3 O-O 24. g5 Re8 25. Rg1 Kf8 26. f4 Ng8 27. Bh7 Nge7 28. Bc2 Ng8 29. Ng3 Qb4 30. Qg2 Nxd4 31. Bh7 Re1+ 32. Rxe1 Qxe1+ 33. Kb2 Ne7 34. gxh6 gxh6 35. Bd3 b4 36. Bxa6 Nec6 37. Ne2 Qd2+ 38. Kb1 Qc2+ 39. Ka1 Nxe2 0-1


[Site "https://www.chess.com"]

[Event "Titled Tuesday Blitz April 12 Early 2022"]
[White "Legenia, Artem"]
[Black "Piliczewski, Bogusz"]
[WhiteFideId "14136945"]
[BlackFideId "1104144"]
[WhiteElo "1936"]
[BlackElo "1896"]
[Result "0-1"]
[Round "06"]
[TimeControl "180+1"]
[Date "2022.04.13"]
[WhiteClock "0:00:04"]
[BlackClock "0:00:51"]

1. c4 c6 2. b3 d5 3. cxd5 cxd5 4. Bb2 Nf6 5. e3 Bf5 6. d3 Nc6 7. a3 a5 8. Nf3 e6 9. Be2 Be7 10. O-O O-O 11. Nbd2 b5 12. Nh4 Bg6 13. Nxg6 hxg6 14. Rc1 Qb6 15. Nf3 Rac8 16. Ne5 Nxe5 17. Bxe5 Nd7 18. Bb2 Rc6 19. Rxc6 Qxc6 20. Qd2 Qb6 21. Rc1 Nc5 22. Bd4 Nxb3 23. Bxb6 Nxd2 24. Rc2 Nb3 25. Rc7 Bd8 26. Rb7 Bxb6 27. Rxb6 Rc8 28. g3 Rc1+ 29. Kg2 Ra1 30. Rxb5 Rxa3 31. Rb8+ Kh7 32. d4 a4 33. Ra8 Ra2 34. Bb5 a3 35. Ra7 Ra1 36. Rxf7 a2 37. Ra7 Nc1 38. Ba4 Rb1 0-1


[Site "https://www.chess.com"]

[Event "Titled Tuesday Blitz April 12 Early 2022"]
[White "Lewtak, Damian"]
[Black "Gracia Alvarez, Gerardo Antonio"]
[WhiteFideId "1141724"]
[BlackFideId "5109124"]
[WhiteElo "2362"]
[BlackElo "2139"]
[Result "0-1"]
[Round "06"]
[TimeControl "180+1"]
[Date "2022.04.13"]
[WhiteClock "0:00:26"]
[BlackClock "0:00:31"]

1. d4 d5 2. Bf4 Nf6 3. e3 c5 4. dxc5 Qa5+ 5. Nc3 Qxc5 6. Nb5 Na6 7. Qd4 e6 8. Qxc5 Bxc5 9. Nd6+ Ke7 10. Nxc8+ Rhxc8 11. c3 Bd6 12. Bxd6+ Kxd6 13. Nf3 Nc5 14. Be2 Rab8 15. O-O-O b5 16. Kb1 b4 17. c4 Ke7 18. cxd5 Nxd5 19. Nd2 a5 20. Rc1 Nc3+ 21. bxc3 bxc3+ 22. Nb3 a4 23. Kc2 axb3+ 24. axb3 Rxb3 25. Rb1 Rcb8 26. Rxb3 Rxb3 27. Re1 Ra3 28. Bc4 Ne4 29. f3 Nd2 30. Bd3 h6 31. e4 Kd6 32. f4 Kc5 33. Re3 Kd4 34. Rg3 Ra2+ 35. Kc1 Nb3+ 36. Kd1 Rd2+ 0-1


[Site "https://www.chess.com"]

[Event "Titled Tuesday Blitz April 12 Early 2022"]
[White "Lianes Garcia, Marcos"]
[Black "Wagner, Dinara"]
[WhiteFideId "32060777"]
[BlackFideId "24157570"]
[WhiteElo "2310"]
[BlackElo "2216"]
[Result "1-0"]
[Round "06"]
[TimeControl "180+1"]
[Date "2022.04.13"]
[WhiteClock "0:02:21"]
[BlackClock "0:01:53"]

1. e4 c5 2. g3 d5 3. exd5 Qxd5 4. Nf3 Bg4 5. Bg2 Qe6+ 6. Kf1 Nc6 7. h3 Bh5 8. d3 Nf6 9. Na3 Qd7 10. Nc4 e6 11. g4 Bg6 12. Nfe5 Nxe5 13. Nxe5 Qc8 14. h4 Bd6 15. Nc4 Be7 16. h5 Nxh5 17. gxh5 Bf5 18. Bf4 O-O 19. Qf3 f6 20. Qxb7 Qd8 21. Qxa8 Qd4 22. Qf3 1-0


[Site "https://www.chess.com"]

[Event "Titled Tuesday Blitz April 12 Early 2022"]
[White "Ljukin, Sergei"]
[Black "Avazkhonov, Alikhon"]
[WhiteFideId "14102200"]
[BlackFideId "14208504"]
[WhiteElo "2312"]
[BlackElo "1739"]
[Result "1-0"]
[Round "06"]
[TimeControl "180+1"]
[Date "2022.04.13"]
[WhiteClock "0:00:13"]
[BlackClock "0:00:01"]

1. e4 c5 2. Nf3 d6 3. d4 cxd4 4. Nxd4 Nf6 5. Nc3 a6 6. Bg5 e6 7. f4 h6 8. Bh4 Be7 9. Qf3 Nbd7 10. O-O-O Qc7 11. Bg3 b5 12. e5 Bb7 13. Qe2 Nd5 14. exd6 Qxd6 15. Nxd5 Bxd5 16. f5 Qb6 17. fxe6 fxe6 18. Qh5+ Kf8 19. Kb1 Nf6 20. Qe2 Kf7 21. Qe1 Rhc8 22. Be2 Ne4 23. Bf3 Nxg3 24. Bxd5 exd5 25. Qxg3 Bf6 26. Nf5 Rc6 27. Rhf1 Rac8 28. Rxd5 Rxc2 29. Nd6+ Qxd6 30. Qxd6 Rxb2+ 31. Ka1 Rbc2+ 32. Rxf6+ gxf6 33. Rd2 Rc1+ 34. Kb2 R1c6 35. Qd7+ Kg6 36. Qg4+ Kf7 37. Rd7+ Ke8 38. Rd2 Kf7 39. h4 Rc5 40. h5 1-0


[Site "https://www.chess.com"]

[Event "Titled Tuesday Blitz April 12 Early 2022"]
[White "Lopez, Henry"]
[Black "Dushyant Sharma"]
[WhiteFideId "5203830"]
[BlackFideId "25065130"]
[WhiteElo "2177"]
[BlackElo "2105"]
[Result "1-0"]
[Round "06"]
[TimeControl "180+1"]
[Date "2022.04.13"]
[WhiteClock "0:00:15"]
[BlackClock "0:00:01"]

1. d4 d5 2. Nf3 e6 3. c4 Nf6 4. Nc3 c6 5. Bg5 Be7 6. e3 Ne4 7. Bxe7 Qxe7 8. Qc2 f5 9. Bd3 O-O 10. O-O Nd7 11. Rae1 b6 12. cxd5 exd5 13. Nd2 Bb7 14. f3 Nxc3 15. bxc3 Rae8 16. Bxf5 g6 17. Bd3 c5 18. Qd1 Qf6 19. Qe2 Re7 20. Qf2 Rfe8 21. Re2 a5 22. Bb5 Nf8 23. Bxe8 Rxe8 24. Rb1 a4 25. Ree1 Nd7 26. e4 dxe4 27. fxe4 Qg5 28. Nc4 Rxe4 29. Rxe4 Bxe4 30. Re1 Qd5 31. Qf4 Bf5 32. Nd6 Be6 33. Nc8 Kg7 34. Ne7 Qc4 35. Qe3 Bf7 36. Nc6 cxd4 37. Nxd4 Nf6 38. Qe5 1-0


[Site "https://www.chess.com"]

[Event "Titled Tuesday Blitz April 12 Early 2022"]
[White "Madaminov, Mukhiddin"]
[Black "Eynullayev, Atilla"]
[WhiteFideId "14210703"]
[BlackFideId "13413570"]
[WhiteElo "1916"]
[BlackElo "1936"]
[Result "1-0"]
[Round "06"]
[TimeControl "180+1"]
[Date "2022.04.13"]
[WhiteClock "0:00:33"]
[BlackClock "0:00:04"]

1. d4 Nf6 2. Nc3 d5 3. Bf4 e6 4. Nb5 Na6 5. e3 Be7 6. Nf3 O-O 7. Bd3 c6 8. Nc3 c5 9. O-O Nb8 10. Nb5 Nc6 11. Nc7 Rb8 12. Nb5 Ra8 13. c4 dxc4 14. Bxc4 a6 15. Nc7 Ra7 16. d5 e5 17. dxc6 exf4 18. Qxd8 Bxd8 19. Nd5 b5 20. Nxf6+ Bxf6 21. Bd5 fxe3 22. fxe3 Bxb2 23. Rab1 Bf6 24. e4 Be6 25. Rfc1 c4 26. a4 Rb8 27. axb5 axb5 28. Rxc4 Rc7 29. Rcb4 g5 30. Rxb5 Rxb5 31. Rxb5 g4 32. Nd2 Bd4+ 33. Kf1 Ra7 34. Nc4 g3 35. h3 Ra1+ 36. Ke2 Bxh3 37. c7 Bg4+ 38. Kd3 Rd1+ 39. Kc2 Rg1 40. e5 Rxg2+ 41. Bxg2 1-0


[Site "https://www.chess.com"]

[Event "Titled Tuesday Blitz April 12 Early 2022"]
[White "Maevsky, Nikolay"]
[Black "Aslanov, Umid"]
[WhiteFideId "4198220"]
[BlackFideId "13412620"]
[WhiteElo "2126"]
[BlackElo "1796"]
[Result "1-0"]
[Round "06"]
[TimeControl "180+1"]
[Date "2022.04.13"]
[WhiteClock "0:00:40"]
[BlackClock "0:00:12"]

1. d4 d5 2. Nf3 Nf6 3. e3 c5 4. c3 Nc6 5. dxc5 e6 6. b4 a5 7. Bb5 Bd7 8. Bb2 axb4 9. Bxc6 Bxc6 10. cxb4 Bb5 11. a4 Bc4 12. Nbd2 b5 13. Nxc4 bxc4 14. O-O Be7 15. Bd4 O-O 16. b5 Ne4 17. c6 Qa5 18. Qc2 Rfc8 19. Rfd1 f6 20. Bb2 Nc5 21. Bc3 Qb6 22. Nd4 Nb3 23. Nxb3 cxb3 24. Qb2 Bc5 25. h3 Rab8 26. Rd3 Rd8 27. Rb1 Rdc8 28. Bd4 Bxd4 29. exd4 Qa7 30. Qa3 Qa5 31. Rdxb3 Qd2 32. Qc5 Ra8 33. Rb4 Qa2 34. b6 Rxa4 35. b7 1-0


[Site "https://www.chess.com"]

[Event "Titled Tuesday Blitz April 12 Early 2022"]
[White "Maksimenko, Viktor"]
[Black "Murzin, Volodar"]
[WhiteFideId "13710478"]
[BlackFideId "44155573"]
[WhiteElo "2269"]
[BlackElo "2585"]
[Result "0-1"]
[Round "06"]
[TimeControl "180+1"]
[Date "2022.04.12"]
[WhiteClock "0:01:00"]
[BlackClock "0:00:28"]

1. d4 Nf6 2. c4 g6 3. Nc3 Bg7 4. e4 O-O 5. Nf3 d6 6. h3 e5 7. d5 Na6 8. Be3 Nc5 9. Nd2 a5 10. g4 c6 11. Qc2 a4 12. O-O-O Qa5 13. a3 Bd7 14. Rg1 Rfc8 15. Be2 cxd5 16. exd5 b5 17. g5 Bf5 18. Qxf5 gxf5 19. gxf6 b4 20. Rxg7+ Kh8 21. Nb5 bxa3 22. Nxa3 Rab8 23. Bxc5 Qxc5 24. Ndb1 Qxf2 25. Nc3 Qe3+ 26. Kc2 Rb3 27. Nab5 Rxb5 28. cxb5 Qxe2+ 29. Rd2 Qxb5 30. Rdg2 Qb3+ 31. Kc1 a3 32. Kb1 axb2 33. Na2 Qd1+ 0-1


[Site "https://www.chess.com"]

[Event "Titled Tuesday Blitz April 12 Early 2022"]
[White "Maltsevskaya, Aleksandra"]
[Black "Bach, Ngoc Thuy Duong"]
[WhiteFideId "24174041"]
[BlackFideId "12408956"]
[WhiteElo "2235"]
[BlackElo "1862"]
[Result "1-0"]
[Round "06"]
[TimeControl "180+1"]
[Date "2022.04.13"]
[WhiteClock "0:00:04"]
[BlackClock "0:00:02"]

1. e4 c5 2. Nf3 d6 3. d4 cxd4 4. Nxd4 Nf6 5. Nc3 a6 6. Qd3 e5 7. Nf5 Bxf5 8. exf5 e4 9. Qc4 d5 10. Qb3 Nc6 11. Bg5 Bb4 12. O-O-O Bxc3 13. Qxc3 d4 14. Qb3 b5 15. f3 O-O 16. fxe4 h6 17. Bh4 Qe7 18. Re1 Rac8 19. Kb1 Qe5 20. Bg3 Qc5 21. a3 Rfe8 22. Qd3 Nd7 23. Qd2 Nde5 24. Bd3 Nc4 25. Qc1 N6e5 26. h3 a5 27. Rhf1 b4 28. a4 Qc6 29. Bxe5 Nxe5 30. Bb5 Qc5 31. Bxe8 Rxe8 32. f6 Qc6 33. fxg7 Kxg7 34. Rf5 Qxa4 35. Ref1 Re6 36. Qf4 Qb5 37. Rxf7+ 1-0


[Site "https://www.chess.com"]

[Event "Titled Tuesday Blitz April 12 Early 2022"]
[White "Manolache, Marius"]
[Black "Sailer, Mike"]
[WhiteFideId "1201530"]
[BlackFideId "2012901"]
[WhiteElo "2364"]
[BlackElo "2109"]
[Result "1-0"]
[Round "06"]
[TimeControl "180+1"]
[Date "2022.04.13"]
[WhiteClock "0:01:06"]
[BlackClock "0:00:30"]

1. d4 d5 2. c4 Bf5 3. Nc3 e6 4. a3 Nf6 5. Nf3 Be7 6. Bg5 O-O 7. e3 c6 8. h3 h6 9. Bh4 Nbd7 10. Be2 a6 11. c5 Ne4 12. Bxe7 Qxe7 13. O-O e5 14. Rc1 Rfe8 15. Re1 b6 16. cxb6 exd4 17. Nxd4 Qf6 18. Nxf5 Qxf5 19. Nxe4 Qxe4 20. Rxc6 Ne5 21. Rc1 Re6 22. Qd4 Rb8 23. Qxe4 dxe4 24. Rc5 Rbxb6 25. b4 Kh7 26. Rd1 Kg6 27. Rd4 f5 28. Kh2 Kf6 29. Rdd5 g5 30. Ra5 Nc6 31. Rxf5+ Kg6 32. Rac5 Ne5 33. Rfxe5 Rxe5 34. Rxe5 1-0


[Site "https://www.chess.com"]

[Event "Titled Tuesday Blitz April 12 Early 2022"]
[White "Manon, Reja Neer"]
[Black "Allahverdiyeva, Ayan"]
[WhiteFideId "10224009"]
[BlackFideId "13412590"]
[WhiteElo "1911"]
[BlackElo "1910"]
[Result "0-1"]
[Round "06"]
[TimeControl "180+1"]
[Date "2022.04.13"]
[WhiteClock "0:00:56"]
[BlackClock "0:00:09"]

1. e4 c5 2. Nf3 d6 3. d4 cxd4 4. Nxd4 Nf6 5. Nc3 e6 6. Be3 Ke7 7. Be2 Ke8 8. f4 Be7 9. g4 a6 10. g5 Nfd7 11. Qd2 Nc6 12. Nf3 b5 13. a3 Bb7 14. h4 Nb6 15. O-O-O Nc4 16. Bxc4 bxc4 17. Na4 Rb8 18. Nb6 Qc7 19. Nxc4 d5 20. exd5 exd5 21. Nb6 d4 22. Nd5 Qd8 23. Nxe7 dxe3 24. Qxe3 Qxe7 25. Qc3 Qc7 26. Qxg7 Qxf4+ 27. Kb1 Rf8 28. Rhe1+ Ne7 29. Qf6 Qxf6 30. Re2 Qxf3 31. Rxe7+ Kxe7 32. Re1+ Be4 33. Rc1 Qe2 34. Ka2 Ke6 35. b3 Rfc8 36. Kb2 Rxc2+ 37. Ka1 Ra2# 0-1


[Site "https://www.chess.com"]

[Event "Titled Tuesday Blitz April 12 Early 2022"]
[White "Manukian, Artak"]
[Black "Przybylski, Wojciech"]
[WhiteFideId "13301373"]
[BlackFideId "1117599"]
[WhiteElo "2351"]
[BlackElo "2133"]
[Result "0-1"]
[Round "06"]
[TimeControl "180+1"]
[Date "2022.04.13"]
[WhiteClock "0:00:04"]
[BlackClock "0:00:05"]

1. e4 c5 2. Nf3 d6 3. Bb5+ Nd7 4. O-O a6 5. Bd3 e5 6. a4 Ngf6 7. Re1 Be7 8. Nc3 O-O 9. Bc4 Nb6 10. Ba2 Be6 11. a5 Bxa2 12. Rxa2 Nc4 13. d3 Nxa5 14. Bg5 Nc6 15. Bxf6 Bxf6 16. Nd5 Nb4 17. Nxb4 cxb4 18. Qd2 a5 19. Rea1 b6 20. b3 d5 21. exd5 Qxd5 22. Qe3 Qd6 23. Nd2 Qd4 24. Nc4 Qxe3 25. fxe3 Rab8 26. e4 Rfd8 27. Kf2 Kf8 28. Ne3 Be7 29. Nd5 Bc5+ 30. Ke2 Rbc8 31. Rf1 Bd4 32. g4 Rc6 33. h4 Rdc8 34. Kd1 h6 35. h5 Ke8 36. Rf3 Rd6 37. Rg3 f6 38. Rf3 Rxd5 39. exd5 Bc3 40. Ke2 Ke7 41. Ke3 Kd6 42. Ke4 Ke7 43. Rf5 Rc5 44. Rf3 Kf7 45. Rf5 Ke7 46. Rf3 Kd6 47. g5 Rxd5 48. gxf6 Rd4+ 49. Ke3 gxf6 50. Rxf6+ Kc5 51. Rxh6 Rh4 52. Rh7 Bd4+ 53. Kf3 Kd5 54. h6 Kc6 55. Kg3 Rh1 56. Kg4 Kb5 57. Kf5 Rh2 58. Ke4 Rh4+ 59. Kd5 Bc3 60. Ke6 Rh3 61. Kf5 Rh5+ 62. Kg4 Rh1 63. Kf5 Rf1+ 64. Kg4 Rg1+ 65. Kf5 Ka6 66. Rf7 Rf1+ 67. Ke6 Rh1 68. h7 Rh2 69. Kf5 Bd4 70. Kg6 Rg2+ 71. Kf5 Rh2 72. Kg6 Rh1 73. Kf5 Rh3 74. Kg6 Kb5 75. Kg5 Rh2 76. Kg6 Rh1 77. Kg5 Rg1+ 78. Kf5 Rh1 79. Kg6 Ka6 80. Kf5 Bc3 81. Kg6 Rg1+ 82. Kf5 Rh1 83. Kg6 e4 84. dxe4 Re1 85. e5 Rxe5 86. Re7 Rxe7 87. h8=Q Bxh8 88. c4 Bc3 89. Re2 Rg7+ 90. Kf5 Rc7 91. Ke4 a4 92. Kd3 a3 93. c5 bxc5 94. Re8 Kb5 95. Rb8+ Kc6 96. Kc4 Rd7 97. Ra8 Rd4# 0-1


[Site "https://www.chess.com"]